AoeStats
← NotGG

African Clearing

510323547Analyzed
4v4 RM · 2d ago on Sep 30, 2026· 19m 48s· 8 players
Game mode
Random Map
Map size
Large (8 player)
Population
200
Speed
Normal
Resources
Standard
Victory
Conquest
Starting age
Dark Age
Ending age
Imperial Age
RankedLock teamsTeams togetherTeam positionsShared explorationLock speedFull tech treeHidden civsTurbo modeCheats
Victory
Defeat
🇨🇳 Hindustanis · China
1223
+15
🇹🇷 Persians · Türkiye
1213
+15
🇦🇷 Vietnamese · Argentina
1200
+16
🇪🇸 Franks · Spain
1170
+17
🇹🇼 Goths · Taiwan
1356
-22
🇹🇼 Varangians · Taiwan
1192
-16
🇹🇼 Muisca · Taiwan
1171
-15
🇹🇼 Persians · Taiwan
1049
-10
yukiro2012
10:10 Loom
11:55 Feudal Age
13:05 Double-Bit Axe
17:21 Castle Age
16:26 Forging
17:23 Bloodlines
chenjim19850924
3:53 Loom
13:42 Feudal Age
19:55 Castle Age
18:45 Gold Mining
19:10 Scale Barding Armor
19:49 Double-Bit Axe
cha0300775
3:05 Loom
12:10 Feudal Age
12:21 Man-at-Arms
12:59 Double-Bit Axe
14:27 Forging
14:25 Horse Collar
16:18 Town Watch
18:05 Fletching
段水流大師兄
5:26 Loom
13:13 Feudal Age
13:54 Champi Runner
15:45 Forging
18:16 Castle Age
17:02 Scale Mail Armor
17:09 Double-Bit Axe
17:07 Horse Collar
17:56 Stone Mining
18:05 Gold Mining
BERTUS
7:58 Loom
13:52 Feudal Age
17:39 Fletching
NotGG
9:02 Loom
12:24 Feudal Age
18:11 Castle Age
16:32 Double-Bit Axe
Crucio
14:12 Feudal Age
14:31 Double-Bit Axe
15:01 Loom
18:53 Castle Age
19:39 Bow Saw
-d
3:05 Loom
12:44 Feudal Age
21:33 Castle Age
19:43 Double-Bit Axe
Connection lost

Rejoining the realm…

Still unreachable

The connection could not be restored.

Session expired

The server has moved on; the page needs a fresh start.